Map: Proxima Station LE

Players

PtitDrogo

  • Race: Protoss Protoss
  • Spawn Location: 7:00

Ryung - Winner!

  • Race: Terran Terran
  • Spawn Location: 1:00

Event: IEM XI Katowice - World Championship 2017

VOD

https://youtu.be/CmZjyrflObg

Description

Time

  • Played on: Feb. 28, 2017, 11:48 a.m.
  • Length: 16:14

All games in this series

Show
View Real Time Build Order
Export as new Build Order

PtitDrogo Protoss 

Build Orders: 1 Gate Expand, Blink Stalkers 

Get SALT Encoding   

  12  0:01  Probe (Chrono Boost)  
  13  0:11  Probe (Chrono Boost)  
  14  0:17  Pylon  
  14  0:22  Probe (Chrono Boost)  
  15  0:35  Probe (Chrono Boost)  
  16  0:36  Gateway  
  16  0:41  Assimilator  
  16  0:45  Probe (Chrono Boost)  
  17  0:56  Probe (Chrono Boost)  
  18  1:07  Probe (Chrono Boost)  
  19  1:18  Nexus  
  19  1:22  Probe (Chrono Boost)  
  20  1:31  Cybernetics Core  
  20  1:35  Probe (Chrono Boost)  
  20  1:39  Assimilator  
  21  1:45  Probe (Chrono Boost)  
  22  1:51  Pylon  
  22  1:56  Probe (Chrono Boost)  
  23  2:10  Adept, Mothership Core (Chrono Boost)  
  23  2:11  Warp Gate  
  27  2:28  Probe (Chrono Boost)  
  28  2:30  Probe (Chrono Boost)  
  28  2:34  Robotics Facility  
  29  2:39  Probe (Chrono Boost)  
  29  2:41  Probe (Chrono Boost)  
  31  2:49  Probe (Chrono Boost)  
  32  2:51  Probe (Chrono Boost)  
  32  2:54  Twilight Council  
  33  3:00  Probe (Chrono Boost)  
  33  3:02  Probe (Chrono Boost)  
  35  3:06  Gateway  
  35  3:10  Probe (Chrono Boost)  
  37  3:13  Probe (Chrono Boost)  
  37  3:14  Gateway  
  37  3:15  Blink  
  37  3:22  Observer, Probe (Chrono Boost)  
  37  3:25  Probe (Chrono Boost)  
  41  3:34  Probe (Chrono Boost)  
  41  3:37  Probe (Chrono Boost)  
  41  3:39  Pylon  
  42  3:46  Observer, Probe (Chrono Boost)  
  45  3:49  Assimilator, Probe (Chrono Boost)  
  45  3:50  Pylon  
  45  3:53  Assimilator  
  45  3:57  Pylon  
  45  3:58  Probe (Chrono Boost)  
  45  4:01  Probe (Chrono Boost)  
  48  4:10  Probe (Chrono Boost)  
  48  4:13  Probe (Chrono Boost)  
  48  4:14  Stalker x3  
  55  4:23  Probe (Chrono Boost)  
  56  4:34  Immortal  
  58  4:45  Probe x2 (Chrono Boost)  
  62  4:48  Stalker x2  
  66  4:56  Pylon  
  66  4:57  Probe (Chrono Boost)  
  67  5:04  Nexus  
  68  5:07  Probe (Chrono Boost)  
  68  5:08  Forge  
  68  5:10  Immortal  
  68  5:12  Robotics Bay  
  74  5:21  Probe x2 (Chrono Boost)  
  74  5:24  Pylon  
  74  5:26  Sentry  
  76  5:30  Sentry  
  76  5:33  Protoss Ground Weapons Level 1  
  76  5:34  Gateway  
  76  5:35  Gateway  
  80  5:44  Probe x2 (Chrono Boost)  
  80  5:56  Probe x2 (Chrono Boost)  
  82  6:08  Colossus, Probe (Chrono Boost)  
  82  6:09  Pylon  
  82  6:11  Probe (Chrono Boost)  
  84  6:12  Pylon  
  84  6:14  Pylon  
  84  6:17  Probe (Chrono Boost)  
  91  6:20  Probe (Chrono Boost)  
  91  6:22  Photon Cannon  
  91  6:25  Probe (Chrono Boost)  
  93  6:28  Extended Thermal Lance  
  93  6:30  Charge  
  93  6:35  Adept x3  
  93  6:38  Probe x2 (Chrono Boost)  
  93  6:39  Probe (Chrono Boost)  
  102  6:41  Assimilator  
  102  6:44  Assimilator  
  102  6:46  Zealot  
  104  6:47  Zealot  
  106  6:57  Colossus  
  106  6:58  Probe (Chrono Boost)  
  106  7:02  Pylon  
  106  7:03  Pylon  
  112  7:14  Photon Cannon  
  113  7:15  Gateway  
  113  7:17  Probe (Chrono Boost)  
  113  7:18  Protoss Ground Armor Level 1, Gateway  
  113  7:19  Gateway  
  113  7:22  Probe (Chrono Boost)  
  112  7:30  Zealot x5  
  122  7:37  Forge  
  122  7:42  Templar Archives  
  122  7:43  Pylon  
  122  7:50  Stalker  
  122  7:51  Stalker x2  
  126  7:59  Stalker x2  
  126  8:04  Protoss Ground Weapons Level 2  
  128  8:12  Probe (Chrono Boost), Photon Cannon  
  129  8:19  Pylon, Probe x2 (Chrono Boost)  
  130  8:24  Probe (Chrono Boost)  
  133  8:33  Nexus  
  133  8:34  Pylon  
  133  8:39  Stalker x2  
  133  8:40  Stalker x2  
  141  8:45  Probe x2 (Chrono Boost)  
  141  8:52  Pylon  
  141  8:53  High Templar x4  
  141  8:55  Photon Cannon  
  146  9:02  Archon  
  140  9:06  Protoss Ground Armor Level 2  
  140  9:15  Colossus  
  144  9:38  Probe x2 (Chrono Boost)  
  146  9:41  Probe (Chrono Boost)  
  146  9:42  Archon  
  147  9:46  Probe (Chrono Boost)  
  147  9:50  Probe x2 (Chrono Boost)  
  150  9:53  Templar Archives  
  150  9:56  Gateway  
  150  9:58  Zealot x7, Gateway  
  164  10:02  Gateway  
  164  10:07  Assimilator  
  164  10:08  Assimilator  
  164  10:10  Pylon x2, Probe (Chrono Boost)  
  164  10:13  Pylon  
  163  10:15  Pylon  
  162  10:23  Stalker  
  164  10:30  Stalker x4  
  164  10:34  Stalker  
  169  10:42  Probe (Chrono Boost)  
  164  10:45  Stargate  
  162  10:52  Stalker x3  
  164  11:05  Stalker x4  
  158  11:13  Stalker x2  
  154  11:25  Stalker x3  
  154  11:29  Phoenix  
  161  11:34  Stalker x3  
  161  11:38  Stalker  
  159  11:47  Observer  
  159  11:53  Probe (Chrono Boost)  
  152  12:04  High Templar x3  
  152  12:07  High Templar x3  
  152  12:08  Stalker  
  164  12:13  Archon x2  
  164  12:14  Archon  
  162  12:22  Adept x4, Colossus  
  148  12:40  Probe (Chrono Boost)  
  148  12:43  Stalker x4  
  158  12:45  Probe (Chrono Boost)  
  128  13:00  Stalker x4  
  130  13:10  Probe (Chrono Boost)  
  130  13:12  Probe x3 (Chrono Boost)  
  124  13:18  Stalker x3  
  136  13:20  Probe (Chrono Boost)  
  136  13:26  Warp Prism  
  137  13:28  Adept  
  137  13:29  Adept x2  
  115  13:51  High Templar x5  
  115  13:52  High Templar  
  115  13:53  Zealot x5  
  137  13:58  Oracle  
  137  14:00  Archon x2  
  137  14:01  Archon  
  140  14:15  Colossus  
  146  14:28  Stalker x8  
  148  14:57  Sentry  
  150  15:04  Stalker x6  
  162  15:15  Zealot  
  162  15:17  Pylon  
  162  15:19  Pylon  
  162  15:20  Pylon  
  164  15:22  Pylon  
  164  15:30  Disruptor  
  167  15:36  High Templar  
  167  15:37  High Templar  
  167  15:38  High Templar x2  
  167  15:39  Zealot x3  
  167  15:41  Archon  
  181  15:44  Archon  
  181  15:47  Zealot  
  181  15:48  Zealot x3  
  135  16:09  Zealot x5  
  135  16:10  Zealot x4  
Show
View Real Time Build Order
Export as new Build Order

Ryung Terran - Winner!

Build Orders: MMM Bio 

Get SALT Encoding   

  12  0:00  SCV  
  13  0:12  SCV  
  14  0:18  Supply Depot  
  14  0:25  SCV  
  15  0:39  SCV  
  15  0:40  Barracks  
  16  0:43  Refinery  
  16  0:51  SCV  
  17  1:03  SCV  
  18  1:15  SCV  
  19  1:27  Marine  
  19  1:28  Orbital Command  
  20  1:41  Command Center  
  20  1:52  Factory  
  20  1:56  SCV  
  21  2:04  Barracks Reactor  
  21  2:05  Refinery  
  22  2:08  SCV  
  22  2:15  Supply Depot  
  22  2:20  SCV  
  23  2:36  SCV  
  24  2:37  Starport  
  24  2:39  Widow Mine  
  24  2:40  Marine  
  24  2:42  Marine  
  28  2:48  SCV  
  29  2:54  Orbital Command  
  29  3:01  Marine, SCV  
  29  3:04  Marine  
  32  3:07  Widow Mine  
  34  3:13  SCV  
  34  3:15  Medivac  
  37  3:25  SCV x2  
  39  3:33  Supply Depot  
  39  3:37  SCV x2  
  41  3:43  Barracks  
  41  3:45  Starport Tech Lab  
  41  3:47  Marine x2  
  43  3:49  SCV  
  43  3:50  SCV  
  43  3:53  Barracks  
  43  3:55  Factory Tech Lab  
  45  4:02  SCV  
  46  4:03  Raven  
  46  4:09  SCV  
  49  4:10  Engineering Bay, Refinery  
  49  4:14  SCV  
  50  4:23  Marine x2  
  52  4:25  SCV  
  52  4:26  SCV  
  52  4:28  Supply Depot  
  54  4:32  Factory Reactor  
  54  4:36  Terran Infantry Weapons Level 1  
  54  4:41  Stimpack  
  54  4:47  Supply Depot  
  54  4:49  Marine, SCV x2  
  57  4:56  Combat Shields  
  57  5:01  SCV x2  
  57  5:03  Marine x2, Marauder  
  62  5:07  Supply Depot  
  62  5:08  Marauder  
  62  5:14  SCV x2  
  66  5:19  Supply Depot, Medivac x2  
  70  5:29  Marine x2, SCV x2, Supply Depot  
  70  5:32  Marauder x2  
  78  5:41  SCV x2  
  80  5:47  Marine  
  80  5:48  Marine  
  81  5:52  Supply Depot  
  81  5:53  SCV x2  
  81  5:54  Supply Depot  
  81  5:56  Command Center  
  83  6:12  Marine x2  
  83  6:16  Marauder x2  
  83  6:17  SCV x2  
  91  6:22  Medivac, Barracks  
  91  6:23  Medivac, Barracks  
  95  6:29  SCV  
  95  6:30  Terran Infantry Armor Level 1, SCV  
  95  6:31  Refinery  
  95  6:32  Missile Turret  
  97  6:36  Marine x2  
  97  6:38  Concussive Shells, Marine x2  
  101  6:41  SCV  
  101  6:42  Supply Depot  
  101  6:45  SCV  
  103  6:49  Liberator  
  103  6:53  SCV  
  104  7:00  SCV  
  105  7:05  SCV, Starport  
  105  7:07  Fusion Core  
  109  7:11  Barracks Tech Lab, Barracks Reactor  
  109  7:12  Liberator  
  109  7:14  Marine x2  
  109  7:15  Marauder x2  
  115  7:16  SCV  
  115  7:17  Orbital Command  
  119  7:30  SCV x2  
  119  7:32  Refinery  
  119  7:34  Refinery, Factory Reactor  
  121  7:39  Marine x2  
  121  7:40  Marine x3  
  121  7:42  SCV  
  121  7:44  SCV x2  
  129  7:56  Liberator x2  
  129  7:57  SCV x3  
  127  8:08  Marine x3, Marauder x3  
  127  8:12  Starport Tech Lab  
  129  8:17  Armory  
  129  8:18  Supply Depot, Engineering Bay  
  129  8:19  Supply Depot x2  
  133  8:22  Supply Depot  
  133  8:27  SCV  
  133  8:28  SCV x2  
  135  8:34  Marine x2  
  135  8:35  Marine x2, Advanced Ballistics  
  139  8:45  Supply Depot x2  
  139  8:46  Supply Depot  
  137  8:55  Liberator, Marine x4, Marauder x2  
  141  8:56  Marauder  
  139  9:13  Medivac  
  139  9:15  Terran Infantry Weapons Level 2, Terran Infantry Armor Level 2, Medivac  
  129  9:20  Marine x4  
  133  9:26  Command Center  
  133  9:29  Terran Ship Weapons Level 1  
  133  9:32  Liberator  
  133  9:36  Marauder x3  
  139  9:43  Medivac  
  141  9:51  Marine x4  
  148  10:02  Marauder x3  
  154  10:15  Marine x4  
  154  10:17  Barracks  
  154  10:18  Barracks x2  
  158  10:22  Missile Turret  
  158  10:23  Missile Turret  
  158  10:24  Liberator  
  158  10:25  Liberator x2  
  158  10:26  Liberator  
  158  10:32  Marauder x3  
  160  10:41  Marine x4  
  168  11:02  Marine x6, Marauder  
  171  11:08  Barracks Tech Lab x2  
  171  11:10  Barracks Reactor  
  157  11:20  Planetary Fortress, Marauder x2  
  157  11:22  Marine x4, Ghost Academy  
  157  11:24  Marauder  
  167  11:32  Medivac x3  
  168  11:33  Medivac  
  168  11:37  Marauder  
  168  11:38  Marauder  
  177  11:41  Marauder  
  177  11:45  Terran Infantry Weapons Level 3  
  177  11:46  Terran Infantry Armor Level 3  
  169  11:55  Marine  
  169  11:56  Liberator, Marine x3  
  169  11:57  Liberator  
  169  11:59  Marauder x2  
  177  12:03  Marine x2, Marauder x2  
  181  12:16  Liberator x2  
  179  12:28  Marauder  
  179  12:29  Marauder  
  177  12:36  Marauder x2  
  163  12:37  Marine x4  
  163  12:42  Marine x2, Marauder  
  154  12:49  Marine  
  154  12:50  Marauder  
  139  12:55  Marine  
  139  12:57  Marine x3  
  139  12:58  Marauder x2, SCV x2  
  120  13:00  Marine  
  120  13:01  SCV  
  120  13:02  Liberator  
  116  13:10  SCV x2  
  113  13:30  Marine x2, Marauder x2  
  118  13:41  Liberator x2  
  112  13:45  Liberator, Marine x4  
  112  13:46  SCV x3  
  115  13:58  Medivac  
  115  14:02  Marine x4  
  126  14:08  Ghost  
  126  14:09  Marine x2  
  134  14:20  Marine x2  
  134  14:23  Ghost  
  134  14:24  Ghost  
  136  14:28  Marine x4  
  144  14:39  Marauder x2  
  147  14:51  Marauder  
  149  14:53  Marauder x2  
  149  14:57  Orbital Command  
  152  15:00  Marine x6  
  152  15:01  Marauder x2  
  162  15:08  SCV x3  
  162  15:12  Marauder  
  167  15:20  SCV x3  
  170  15:21  Marine x6  
  176  15:32  SCV x2  
  184  15:45  Marine x6  
  190  15:51  Refinery  
  190  15:52  Refinery  

Tags
 
Add a new tag
Caveats
  • Supply blocks, unpowered buildings, or Contaminate may cause inaccurate times.
  • Supply counts are checked every 10 seconds.